 Dungeon Crawl Stone Soup version 0.29.0-13-gc9e81de378 (webtiles) character file.

Game seed: 16571530670849943655

25 Strat the Sneak (level 2, -3/18 HPs)
             Began as a Deep Elf Abyssal Knight on Sept 9, 2022.
             Was a Priest of Lugonu.
             Slain by a kobold
             ... wielding a +0 short sword of electrocution
              (8 damage)
             ... on level 2 of the Dungeon.
             The game lasted 00:01:58 (1607 turns).

Strat the Sneak (Deep Elf Abyssal Knight)           Turns: 1607, Time: 00:01:58

Health: -3/18      AC:  3    Str: 10    XL:     2   Next: 86%
Magic:  5/5        EV: 12    Int: 14    God:    Lugonu [***...]
Gold:   76         SH:  0    Dex: 21    Spells: 1/1 levels left

rFire   . . .      SeeInvis .   a - +1 short sword
rCold   . . .      Faith    .   (no shield)
rNeg    . . .      Spirit   .   b - +0 leather armour
rPois   .          Reflect  .   (no helmet)
rElec   .          Harm     .   (no cloak)
rCorr   .          Rampage  .   (no gloves)
Will    .....                   (no boots)
Stlth   ++........              (no amulet)
HPRegen 0.06/turn               c - +6 ring of dexterity
MPRegen 0.09/turn               (no ring)

@: no status effects
A: no striking features
a: Renounce Religion, Depart the Abyss, Bend Space, Banish


You were on level 2 of the Dungeon.
You worshipped Lugonu.
Lugonu was most pleased with you.
You visited 1 branch of the dungeon, and saw 2 of its levels.
You visited the Abyss 1 time.

You collected 76 gold pieces.

Inventory:

Hand Weapons
 a - a +1 short sword (weapon)
Armour
 b - a +0 leather armour (worn)
Jewellery
 c - a +6 ring of dexterity (left hand)
Scrolls
 d - a scroll of summoning {unknown}
 e - a scroll of noise {unknown}
 f - 2 scrolls of blinking {unknown}
 g - a scroll of enchant weapon {unknown}
 i - a scroll of silence {unknown}
Potions
 h - a potion of resistance {unknown}


   Skills:
 - Level 2.4 Fighting
 + Level 2.5 Short Blades
 - Level 0.7 Armour
 - Level 2.4 Dodging
 + Level 2.7 Stealth
 - Level 2.0 Invocations


You had one spell level left.
You didn't know any spells.
Your spell library was empty.

Dungeon Overview and Level Annotations

Branches:
Dungeon (2/15)

Altars:


Message History

Things that are here:
a +0 club; a goblin corpse A rat comes into view.
A rat is nearby!
The rat bites you but does no damage.
You hit the rat.
The rat is moderately wounded.
The rat closely misses you.
You hit the rat.
You kill the rat!
Lugonu accepts your kill.
No target in view!
i - a scroll labelled HOPOWIECHE You see here a rat corpse.
A frilled lizard comes into view.
A kobold comes into view.
It is wielding a +0 short sword of electrocution.
The helpless frilled lizard fails to defend itself.
You puncture the frilled lizard!
You kill the frilled lizard!
Lugonu accepts your kill.
You can now banish your foes.
You see here a frilled lizard corpse.
Found 11 gold pieces and a leather armour.
You barely miss the kobold.
The kobold shouts!
The kobold completely misses you.
You closely miss the kobold.
A bat comes into view.
The kobold hits you with a +0 short sword of electrocution.
You completely miss the kobold. The kobold barely misses you.
You hit the kobold.
The kobold is moderately wounded.
The kobold hits you but does no damage.
You are electrocuted!
Ouch! That really hurt!
* * * LOW HITPOINT WARNING * * *
You hit the kobold.
The kobold is severely wounded.
The kobold hits you with a +0 short sword of electrocution.
* * * LOW HITPOINT WARNING * * *
You are electrocuted!
You die...

[$. ... #.# #.# #.. #b#
#K# #@# #†# #.#######
#.............
#.########.#.# .## #.##
#.#.# ...
#.####..#######.#.##.##
......................#
.........†...........#.


You could see a bat and a kobold.

Vanquished Creatures
  6 bats
  3 endoplasms (D:1)
  A giant cockroach (D:2)
  2 goblins
  3 hobgoblins (D:1)
  2 kobolds (D:1)
  A ball python (D:1)
  2 frilled lizards
  7 rats
27 creatures vanquished.

Notes
Turn   | Place    | Note
-------+----------+-------------------------------------------
     0 | Abyss:1  | Strat the Deep Elf Abyssal Knight began the quest for the
                  | Orb.
     0 | Abyss:1  | Reached XP level 1. HP: 13/13 MP: 4/4
     5 | D:1      | Escaped the Abyss
   140 | D:1      | Reached skill level 1 in Stealth
   472 | D:1      | Reached XP level 2. HP: 15/18 MP: 5/5
   917 | D:1      | Found a faded altar of an unknown god.
  1600 | D:2      | Reached *** piety under Lugonu
  1607 | D:2      | Slain by a kobold

Illustrated notes

Levels and vault maps discovered:
D:1:      nicolae_arrival_somewhat_less_tricky_arrival, layout_basic,
          ebering_ecumenical_altar_abandoned, minmay_misc_feat_columns,
          minmay_crystal_room
D:2:      wad_pebble_path, layout_loops_ring

Skill      XL: |  1 |
---------------+----+-----
Stealth        | 2 |  2.7
Fighting       | |  2.4
Short Blades   | |  2.5
Armour         | |  0.7
Dodging        | |  2.4
Invocations    | |  2.0

Action                   || total
-------------------------++-------
Melee: Short sword       ||    75
 Stab: Sleeping          ||     4
Armor: Leather armour    ||    18
Dodge: Dodged            ||    48
